 Dungeon Crawl Stone Soup version 0.27-a0-1278-g6cbc8dfb29 (webtiles) character file.

Game seed: 1931210304235626969

16711 oaTer the Dwarf of Prey (level 12, 0/174 HPs)
             Began as a Deep Dwarf Berserker on June 13, 2021.
             Was a Priest of Trog.
             Slain by a red ugly thing (8 damage)
             ... on level 13 of the Dungeon.
             The game lasted 01:00:39 (9142 turns).

oaTer the Dwarf of Prey (Deep Dwarf Berserker)      Turns: 9142, Time: 01:00:40

Health: 0/174      AC: 23    Str: 23    XL:     12   Next: 12%
Magic:  11/11      EV:  8    Int:  8    God:    Trog [***...]
Gold:   662        SH:  0    Dex: 15    Spells: 11/11 levels left

rFire    . . .     SeeInvis .   A - +7 battleaxe
rCold    + . .     Faith    .   (shield currently unavailable)
rNeg     . . .     Spirit   .   f - +0 plate armour
rPois    .         Reflect  .   g - +1 hat
rElec    .         Harm     .   (no cloak)
rCorr    .         Rampage  .   I - +0 pair of gloves
Will     +++..                  H - +0 pair of boots
Stlth    ..........             (no amulet)
HPRegen  1.00/turn              b - ring of protection from cold
MPRegen  0.12/turn              n - +4 ring of protection

@: berserking, strong-willed, regenerating, very quick
A: damage resistance, heal wounds, sense surroundings 2, no regeneration
a: Heal Wounds, Renounce Religion, Berserk, Trog's Hand


You were on level 13 of the Dungeon.
You worshipped Trog.
Trog was most pleased with you.
You visited 1 branch of the dungeon, and saw 13 of its levels.

You collected 880 gold pieces.
You spent 218 gold pieces at shops.

Inventory:

Hand Weapons
 v - a +0 hand axe of electrocution
 A - a +7 battleaxe (weapon)
Missiles
 h - 5 javelins
 m - 6 boomerangs
 q - 58 poisoned darts (quivered)
 w - 2 throwing nets
 D - a curare-tipped dart
Armour
 f - a +0 plate armour (worn)
 g - a +1 hat (worn)
 H - a +0 pair of boots (worn)
 I - a +0 pair of gloves (worn)
Jewellery
 a - a ring of flight
 b - a ring of protection from cold (left hand)
 c - a ring of protection from fire
 n - a +4 ring of protection (right hand)
 y - a ring of fire
Wands
 p - a wand of digging (8)
 u - a wand of mindburst (24)
 x - a wand of charming (6)
 z - a wand of flame (12)
Scrolls
 e - 7 scrolls of teleportation
 i - a scroll of silence
 o - 3 scrolls of enchant weapon
 r - a scroll of holy word
 s - a scroll of enchant armour {unknown}
 t - a scroll of fear {unknown}
 E - a scroll of acquirement {unknown}
 F - a scroll of torment {unknown}
 G - a scroll of fog {unknown}
 J - a scroll of identify
 K - a scroll of magic mapping {unknown}
Potions
 d - a potion of curing
 j - 3 potions of magic
 k - a potion of berserk rage {unknown}
 l - 2 potions of mutation
 B - a potion of attraction {unknown}
 C - a potion of degeneration {unknown}
 L - 2 potions of haste {unknown}


   Skills:
 + Level 9.6 Fighting
 + Level 11.3 Axes
 + Level 11.1 Armour
 - Level 2.1 Dodging
 + Level 12.6 Invocations


You had 11 spell levels left.
You didn't know any spells.
Your spell library was empty.

Dungeon Overview and Level Annotations

Branches:
Dungeon (14/15)            Temple (0/1) D:4            Lair (0/6) D:10
    Orc: D:9-12      Vaults: D:13-14

Altars:
Cheibriados
Elyvilon
Fedhas
Gozag
Kikubaaqudgha
Makhleb
Nemelex Xobeh
Okawaru
Ru
Sif Muna
Vehumet
Xom
Zin

Shops:
D:10 *   D:14 [

Annotations:
D:8 3 runed translucent doors, funkygono's ghost, novice DjFE


Innate Abilities, Weirdness & Mutations

You are resistant to damage.
You can heal yourself by infusing magical energy.
You passively map the area around you.
You do not regenerate.


Message History

You hit the tengu warrior.
The tengu warrior is severely wounded.
The tengu warrior hits you with a +0 great mace!
* * * LOW HITPOINT WARNING * * *
The tengu warrior pecks you but does no damage.
The tengu warrior claws you but does no damage.
Unknown command.
Okay, then.
As you read the scroll of holy word, it crumbles to dust.
You speak a Word of immense power!
The tengu warrior hits you with a +0 great mace!
* * * LOW HITPOINT WARNING * * *
The tengu warrior pecks you but does no damage.
The tengu warrior claws you but does no damage.
Okay, then.
Your skin crawls.
You feel strong-willed.
You can no longer call in reinforcements.
The tengu warrior hits you with a +0 great mace.
* * * LOW HITPOINT WARNING * * *
The tengu warrior pecks you but does no damage.
The tengu warrior claws you but does no damage.
A red film seems to cover your vision as you go berserk!
You feel yourself moving faster!
You feel mighty! The tengu warrior closely misses you.
The tengu warrior pecks you.
The tengu warrior claws you but does no damage.
You closely miss the tengu warrior.
The tengu warrior is severely wounded.
The tengu warrior hits you with a +0 great mace!
* * * LOW HITPOINT WARNING * * *
The tengu warrior pecks you but does no damage.
The tengu warrior claws you.
You slice the tengu warrior!!
You feel the power of Trog in you as your rage grows.
You kill the tengu warrior!
Trog accepts your kill.
You slash the red ugly thing!
The red ugly thing is moderately wounded.
The red ugly thing trunk-slaps you!
You die...

* ** *###(#.. ,, * ..... ,
* ..... ,, , , *, ..., , ,*
, * , .(., ,, * ***#Q# , ,*
, ,, #u# , , ,, #@# , , ,
#.#** * , , #.# , #.# * ,
#########.# * * #.........#
#.######### * * #.#
##.########################


You could see a red ugly thing and a tengu warrior.

Vanquished Creatures
  A hydra (D:13)
  2 centaur warriors (D:13)
  2 two-headed ogres
  2 tengu warriors (D:13)
  A wizard (D:13)
  An oklob plant (D:10)
  An orc knight (D:13)
  2 ugly things
  4 manticores (D:13)
  2 unseen horrors
  A tengu conjurer (D:13)
  A troll (D:10)
  A troll (shapeshifter) (D:13)
  A hornet (D:8)
  A slime creature (D:13)
  A spriggan (shapeshifter) (D:10)
  A vampire (D:13)
  13 yaks
  A basilisk (shapeshifter) (D:9)
  A basilisk (D:13)
  2 steam dragons
  An acid dragon (D:9)
  3 orc warriors
  An ice beast (D:8)
  2 black bears
  3 ogres
  A necrophage (D:4)
  A sky beast (D:6)
  3 centaurs
  A phantom (D:5)
  5 kobold brigands
  A bullfrog (D:7)
  A wyvern zombie (D:8)
  A gnoll sergeant (D:7)
  A wyvern skeleton (D:5)
  A water moccasin skeleton (D:5)
  11 killer bees
  5 wights (D:8)
  A centaur skeleton (D:7)
  2 gnoll shamans
  2 hounds
  A jelly (D:6)
  3 orc priests
  4 iguanas
  5 orc wizards
  A scorpion zombie (D:5)
  A hound zombie (D:5)
  A howler monkey zombie (D:9)
  2 howler monkey skeletons
  2 adders
  14 gnolls
  A white imp (D:7)
  An ufetubus (D:5)
  A worm (D:4)
  3 dart slugs
  20 orcs
  10 ball pythons
  4 endoplasms
  A giant cockroach (D:3)
  8 goblins
  13 hobgoblins
  2 jackals (D:1)
  29 kobolds
  2 quokkas
  3 bats
  3 frilled lizards (D:1)
  9 rats
233 creatures vanquished.

Vanquished Creatures (collateral kills)
  A deep elf pyromancer (D:13)
  An ugly thing (D:13)
  A cyclops (D:13)
  A kobold demonologist (D:10)
  2 kobold brigands (D:10)
6 creatures vanquished.

Vanquished Creatures (others)
  An orc priest (D:9)
  2 fungi (D:8)
  10 plants
13 creatures vanquished.

Grand Total: 252 creatures vanquished

Notes
Turn   | Place    | Note
-------+----------+-------------------------------------------
     0 | D:1      | oaTer the Deep Dwarf Berserker began the quest for the Orb.
     0 | D:1      | Reached XP level 1. HP: 20/20 MP: 1/1
   147 | D:1      | Reached XP level 2. HP: 8/27 MP: 2/2
   216 | D:1      | Reached skill level 1 in Invocations
   556 | D:1      | Reached ** piety under Trog
   714 | D:1      | Reached XP level 3. HP: 26/34 MP: 4/4
  1100 | D:2      | Reached skill level 2 in Invocations
  1550 | D:3      | Reached XP level 4. HP: 42/42 MP: 5/5
  2132 | D:3      | Found an ancient bone altar of Kikubaaqudgha.
  2211 | D:4      | Found a shimmering blue altar of Sif Muna.
  2213 | D:4      | Noticed an ogre
  2253 | D:4      | Found a staircase to the Ecumenical Temple.
  2311 | D:4      | Noticed a black bear
  2323 | D:4      | Killed a black bear
  2324 | D:4      | Reached skill level 3 in Invocations
  2324 | D:4      | Reached XP level 5. HP: 46/49 MP: 5/7
  2364 | D:4      | Noticed a necrophage
  2397 | D:4      | Killed a necrophage
  2398 | D:4      | Reached XP level 6. HP: 46/57 MP: 8/8
  2524 | D:4      | Reached skill level 4 in Invocations
  2577 | D:4      | Reached *** piety under Trog
  2581 | D:4      | Reached skill level 5 in Axes
  2698 | D:4      | Found a shimmering altar of Xom.
  2897 | D:5      | Entered Level 5 of the Dungeon
  2903 | D:5      | Reached XP level 7. HP: 63/64 MP: 10/10
  2930 | D:4      | Reached skill level 5 in Invocations
  2991 | D:4      | Reached skill level 5 in Armour
  3240 | D:5      | Found a sacrificial altar of Ru.
  3312 | D:5      | Found a blossoming altar of Fedhas.
  3359 | D:5      | Found an opulent altar of Gozag.
  3481 | D:5      | Reached skill level 5 in Fighting
  3481 | D:5      | Reached XP level 8. HP: 74/74 MP: 12/12
  3585 | D:5      | Reached skill level 6 in Invocations
  3801 | D:6      | Identified the +1 robe "Neij" {MP-9 Str+5 Int+6}
  3887 | D:6      | Found a burning altar of Makhleb.
  3890 | D:6      | Found a glowing silver altar of Zin.
  3891 | D:6      | Noticed an angel
  3891 | D:6      | Noticed a balrug
  4278 | D:6      | Reached skill level 7 in Invocations
  4661 | D:7      | Noticed a two-headed ogre
  4671 | D:7      | Killed a two-headed ogre
  4672 | D:7      | Gained mutation: You passively map the area around you.
                  | [Deep Dwarf growth]
  4672 | D:7      | Reached XP level 9. HP: 64/82 MP: 13/13
  4672 | D:7      | Found a white marble altar of Elyvilon.
  4674 | D:7      | Found a snail-covered altar of Cheibriados.
  4738 | D:7      | Found a radiant altar of Vehumet.
  4763 | D:7      | Killed an unseen horror
  4764 | D:7      | Reached skill level 8 in Invocations
  5399 | D:8      | Reached skill level 9 in Invocations
  5537 | D:8      | Reached XP level 10. HP: 94/94 MP: 14/16
  5641 | D:8      | Reached **** piety under Trog
  5770 | D:8      | Found a runed translucent gate.
  5770 | D:8      | Found a runed translucent gate.
  5770 | D:8      | Found a runed translucent gate.
  5779 | D:8      | Noticed funkygono's ghost (novice DjFE)
  6199 | D:8      | Paralysed by a hornet for 3 turns
  6203 | D:8      | Paralysed by a hornet for 1 turns
  6242 | D:9      | Reached skill level 10 in Invocations
  6686 | D:9      | Found an iron altar of Okawaru.
  6936 | D:10     | Entered Level 10 of the Dungeon
  6942 | D:10     | Found a sparkling altar of Nemelex Xobeh.
  6993 | D:10     | Found a staircase to the Lair.
  6994 | D:10     | Noticed an oklob plant
  7005 | D:10     | Noticed a purple ugly thing
  7025 | D:10     | Killed a purple ugly thing
  7089 | D:10     | Found Ameo's Assorted Antiques.
  7096 | D:10     | Bought a scroll of identify for 56 gold pieces
  7451 | D:10     | Reached XP level 11. HP: 38/103 MP: 12/12
  7631 | D:10     | Reached skill level 10 in Axes
  7631 | D:10     | Reached skill level 11 in Invocations
  7715 | D:10     | Noticed a two-headed ogre
  7727 | D:10     | Killed a two-headed ogre
  7928 | D:10     | Killed an oklob plant
  8036 | D:11     | Noticed a purple ugly thing
  8042 | D:11     | Killed a purple ugly thing
  8043 | D:11     | Reached skill level 10 in Armour
  8143 | D:11     | You fall into a shaft and drop 3 floors!
  8143 | D:14     | Noticed a white ugly thing
  8143 | D:14     | Noticed a white ugly thing
  8143 | D:14     | Noticed a white ugly thing
  8143 | D:14     | Noticed a white ugly thing
  8144 | D:14     | Noticed a white ugly thing
  8146 | D:14     | Found Esset's Armour Shop.
  8164 | D:14     | Bought a +0 pair of boots for 81 gold pieces
  8164 | D:14     | Bought a +0 pair of gloves for 81 gold pieces
  8185 | D:13     | Noticed a tengu warrior
  8205 | D:13     | Killed a tengu warrior
  8263 | D:13     | Noticed a brown ugly thing
  8276 | D:13     | Killed a brown ugly thing
  8625 | D:13     | Noticed a deep elf pyromancer
  8634 | D:13     | Killed a deep elf pyromancer
  8636 | D:13     | Noticed a centaur warrior
  8648 | D:13     | Killed a centaur warrior
  8649 | D:13     | Reached skill level 12 in Invocations
  8709 | D:13     | Noticed a wizard
  8715 | D:13     | Killed a wizard
  8756 | D:13     | Noticed a four-headed hydra
  8765 | D:13     | Noticed an orc knight
  8781 | D:13     | Killed an orc knight
  8788 | D:13     | Killed a ten-headed hydra
  8906 | D:13     | Noticed a centaur warrior
  8916 | D:13     | Killed a centaur warrior
  8917 | D:13     | Reached XP level 12. HP: 78/115 MP: 12/12
  9122 | D:13     | Noticed a tengu warrior
  9134 | D:13     | Noticed a tengu warrior
  9140 | D:13     | HP: 7/172 [tengu warrior[a tengu warrior] (11)]
  9141 | D:13     | Killed a tengu warrior
  9142 | D:13     | Slain by a red ugly thing

Illustrated notes

Levels and vault maps discovered:
D:1:      grunt_arrival_lava_bath, layout_basic, kennysheep_decorative_pillar,
          minmay_split_cup_large
D:2:      layout_loops_ring
D:3:      layout_basic, lemuel_tele_altar
D:4:      minmay_opposing_rooms, layout_basic, nicolae_overflow_crystal_walls,
          kennysheep_little_box, temple_pool_b
D:5:      layout_cave_pools, grunt_gozag_statues, nicolae_ru_awakened_eye,
          amcnicky_altar_gilded, chequers_serial_rivers_room_b,
          grunt_decor_clamped
D:6:      layout_rooms, grunt_temple_overflow_order_and_chaos_2,
          kennysheep_generic_room_9
D:7:      layout_basic, overflow_temple_1_default, jmf_multi_god_temple
D:8:      layout_loops_cross, gammafunk_ghost_nasty_kobolds
D:9:      layout_small_grid, lemuel_crystal_altar, grunt_ministairs_2,
          serial_bayou_pond_d, corexii_corridor_pit
D:10:     layout_cave_pods, nemelex_spade_bored_becter, dpeg_oklobed_lair,
          serial_shops, shop
D:11:     layout_loops_ring, orc_0_dummy, gammafunk_ghost_grave,
          portal_ice_cave_entry_pillars_1
D:13:     minmay_open_boxes_in_corner, layout_basic
D:14:     layout_loops_ring, lightli_vaults_fourway_checkpoint,
          amcnicky_mini_pool_small, serial_shops, shop

Skill      XL: |  1  2  3  4  5  6  7  8  9 10 11 |
---------------+----------------------------------+-----
Invocations    | 1 2 3 4 5 7 9 10 12 | 12.6
Fighting       | 3 4 5 6 7 8 9 |  9.6
Armour         | 3 4 5 7 8 9 11 | 11.1
Axes           | 4 5 6 7 8 9 11 | 11.3
Dodging        | |  2.1

Action                   |  1- 3 |  4- 6 |  7- 9 | 10-12 || total
-------------------------+-------+-------+-------+-------++-------
Melee: Hand axe          |   127 |    87 |   273 |    37 ||   524
       Battleaxe         |       |       |       |   284 ||   284
Throw: Javelin           |       |     3 |     4 |     1 ||     8
       Dart              |       |       |    13 |    22 ||    35
Invok: Berserk           |     5 |     5 |    11 |    10 ||    31
       Trog's Hand       |     1 |     2 |     9 |     8 ||    20
       Brothers in Arms  |       |       |       |     5 ||     5
 Abil: Heal Wounds       |     1 |       |     5 |    23 ||    29
  Use: Scroll            |     4 |     3 |     1 |     5 ||    13
       Potion            |       |     1 |     1 |     4 ||     6
 Stab: Sleeping          |     2 |       |       |       ||     2
Armor: Animal skin       |    20 |       |       |       ||    20
       Leather armour    |       |    28 |    36 |       ||    64
       Ring mail         |       |       |    37 |       ||    37
       Plate armour      |       |       |    84 |   358 ||   442
Dodge: Dodged            |    53 |    47 |   135 |   167 ||   402

Table legend: (Time is in decaauts)
 A = Elapsed time spent in this place.
 B = Non-inter-level travel time spent in this place.
 C = Inter-level travel time spent in this place.
 D = Time resting spent in this place.
 E = Time spent auto-exploring this place.
 F = Levels seen in this place.
 G = Mean time per level.
                   A        B        C        D        E       F      G
               +--------+--------+--------+--------+--------+-----+--------+
         Total |   9507 |   9133 |    374 |    222 |   6768 |  13 |  731.3 |
       Dungeon |   9507 |   9133 |    374 |    222 |   6768 |  13 |  731.3 |
               +--------+--------+--------+--------+--------+-----+--------+

Top non-repeatable levels by time:
    D:10: 1126 daAuts
    D:13: 1002 daAuts
     D:7: 985 daAuts
     D:1: 880 daAuts
     D:8: 873 daAuts
     D:4: 864 daAuts
     D:5: 802 daAuts
     D:9: 745 daAuts
     D:6: 694 daAuts
     D:3: 693 daAuts
     D:2: 654 daAuts
    D:11: 142 daAuts
    D:14: 41 daAuts
